 Dungeon Sprint DCSS version 0.22-a0-157-g169b76a (webtiles) character file.

25 esc the Vexing (level 3, -12/24 HPs)
             Began as a Barachi Enchanter on Feb 8, 2018.
             Mangled by an ogre
             ... wielding a +0 giant club
              (21 damage)
             ... in the Dungeon (Sprint I: "Red Sonja").
             The game lasted 00:01:59 (53 turns).

esc the Vexing (Barachi Enchanter)                    Turns: 53, Time: 00:02:00

Health: -12/24     AC:  2    Str: 10    XL:     3   Next: 4%
Magic:  5/7        EV: 13    Int: 15    God:
Gold:   0          SH:  0    Dex: 12    Spells: 2/8 levels left

rFire    . . .     SeeInvis .   a - +1 dagger
rCold    . . .     Gourm    .   (no shield)
rNeg     . . .     Faith    .   b - +0 robe
rPois    .         Spirit   .   (no helmet)
rElec    .         Reflect  .   (no cloak)
rCorr    .         Harm     .   (no gloves)
MR       .....     NoTele   +   (no boots)
Stlth    ++........             (no amulet)
HPRegen  0.08/turn              (no ring)
MPRegen  0.10/turn              (no ring)

@: can't hop, berserk cooldown, slow
A: +LOS, swims, slowness 1, strong legs 1
a: Hop


You were in the Dungeon.
You were not hungry.

You visited 1 branch

Inventory:

Hand Weapons
 a - a +1 dagger (weapon)
Armour
 b - a +0 robe (worn)
Scrolls
 j - a scroll of blinking {!r}
Potions
 e - a potion of curing
 f - a potion of heal wounds
 g - a potion of haste
 h - a potion of magic
Books
 c - a book of Maledictions
Comestibles
 d - a ration
 i - 2 chunks of flesh {@w0}


   Skills:
 + Level 2.8 Short Blades
 + Level 3.5 Dodging
 + Level 3.7 Stealth
 + Level 3.3 Spellcasting
 + Level 4.3 Hexes


You had 2 spell levels left.
You knew the following spells:

 Your Spells              Type           Power        Failure   Level  Hunger
a - Ensorcelled Hibernat  Hex/Ice        #.....       12%         2    ##.....
c - Confuse               Hex            ###.....     10%         3    ###....
v - Corona                Hex            ###....      3%          1    #......


Dungeon Overview and Level Annotations

Branches:
Dungeon (1/1)

Altars:


Innate Abilities, Weirdness & Mutations

Shadows flee at your approach. (+LOS)
You can swim through water.
You cover ground slowly.
You can hop short distances.


Message History

Welcome, esc the Barachi Enchanter.
Found a staircase leading out of the dungeon.
You open the door.
Ijyb the Twisted Goblin comes into view.
There is an open door here.
Unknown command.
The helpless Ijyb fails to defend herself.
You puncture Ijyb! Ijyb barely misses you.
Really quaff
i - a potion of berserk rage {!q}?
A red film seems to cover your vision as you go berserk!
You feel yourself moving faster!
You feel mighty! Ijyb barely misses you.
You now have 19/19 hp.
You hit Ijyb. Ijyb hits you.
You take 2 damage, and have 17/19 hp.
You closely miss Ijyb. You hit Ijyb. Ijyb barely misses you.
You hit Ijyb but do no damage. You closely miss Ijyb.
Ijyb screams, "Die!"
Ijyb closely misses you.
You puncture Ijyb! Ijyb closely misses you.
You closely miss Ijyb. You hit Ijyb.
You kill Ijyb!
Your Short Blades skill increases to level 2!
Your Dodging skill increases to level 3!
Your Stealth skill increases to level 3!
Your Spellcasting skill increases to level 3!
Your Hexes skill increases to level 4!
You have reached level 2!
You have reached level 3!
Your experience leads to an increase in your attributes!
Your base attributes are Str 9, Int 15, Dex 12.
Increase (S)trength, (I)ntelligence, or (D)exterity?
You feel stronger.
You regained 16 hp, and now have 33/36 hp.
Things that are here:
a leather armour; the goblin corpse of Ijyb You butcher the goblin corpse of Ijyb.
You feel a strong urge to attack something.
i - 2 chunks of flesh {@w0}
Things that are here:
a leather armour; the goblin skeleton of Ijyb You are no longer berserk.
You are exhausted.
You feel yourself slow down.
You now have 22/24 hp.
Memorise Ensorcelled Hibernation, consuming 2 spell levels and leaving 5?
You start memorising the spell.
You continue memorising. x2
You finish memorising.
Spell assigned to 'a'.
Memorise Confuse, consuming 3 spell levels and leaving 2?
You start memorising the spell.
You continue memorising. x3
You finish memorising.
Spell assigned to 'c'.
Okay, then.
You start resting.
Health restored: 24; MP restored: 7 You start waiting.
You feel yourself speed up.
You open the door.
An ogre comes into view. It is wielding a giant club.
The ogre shouts!
Aim: an ogre, wielding a giant club (chance to defeat MR: 39%)
The ogre resists with some effort.
You now have 5/7 mp.
Hop to where?
Boing!
Aim: an ogre, wielding a giant club (sparse dust, chance to defeat MR: 46%)
The ogre resists with some effort.
You now have 2/7 mp.
You don't have enough magic to cast that spell.
Aim: an ogre, wielding a giant club (chance to defeat MR: 39%)
The ogre looks drowsy...
You now have 0/7 mp.
The helpless ogre fails to defend itself.
You impale the ogre!!
Okay, then.
Okay, then.
Magic courses through your body. The ogre hits you with a giant club!
Ouch! That really hurt!
You take 15 damage, and have 9/24 hp.
MASSIVE DAMAGE!!
MP restored: 7 Unknown command.
Unknown command.
Aim: an ogre, wielding a giant club (severely wounded, chance to defeat MR: 46%)
The ogre resists with some effort.
The ogre hits you with a giant club!!
Ouch! That really hurt!
You die...

##########
#<.#.['..#
#..'..#..+
#.O#### +#
#.@# #..#
#..# #⌠⌠#
####


You could see an ogre.

Vanquished Creatures
  Ijyb (D)
1 creature vanquished.

Notes
Turn   | Place    | Note
-------+----------+-------------------------------------------
     0 | D        | esc the Barachi Enchanter began the quest for the Orb.
     0 | D        | Reached XP level 1. HP: 13/13 MP: 3/3
     2 | D        | Noticed Ijyb
    13 | D        | Killed Ijyb
    13 | D        | Reached skill level 2 in Short Blades
    13 | D        | Reached skill level 3 in Dodging
    13 | D        | Reached skill level 3 in Stealth
    13 | D        | Reached skill level 3 in Spellcasting
    13 | D        | Reached skill level 4 in Hexes
    13 | D        | Reached XP level 2. HP: 19/19 MP: 4/6
    13 | D        | Reached XP level 3. HP: 24/24 MP: 4/7
    20 | D        | Learned a level 2 spell: Ensorcelled Hibernation
    24 | D        | Learned a level 3 spell: Confuse
    43 | D        | Noticed an ogre
    53 | D        | Mangled by an ogre

Vault maps used:
D:        dungeon_sprint_1

Skill      XL: |  1 |
---------------+----+-----
Short Blades   | 2 |  2.8
Dodging        | 3 |  3.5
Stealth        | 3 |  3.7
Spellcasting   | 3 |  3.3
Hexes          | 4 |  4.3

Action                   || total
-------------------------++-------
Melee: Dagger            ||    10
 Cast: Confuse           ||     2
       Ensorcelled Hiber ||     2
 Abil: Hop               ||     1
  Use: Potion            ||     2
 Stab: Sleeping          ||     2
Dodge: Dodged            ||     5

Table legend:
 A = Spawn XP
 B = Non-spawn XP
 C = Spawn XP percentage of total XP
 D = Spawn monster count
 E = Non-spawn monster count
 F = Spawn count percentage of total count
 G = Total turns spent on level
                    A         B        C        D         E        F      G
               +---------+---------+-------+---------+---------+-------+---------
         Total |       0 |      36 |   0.0 |       0 |       1 |   0.0 |    53
               +---------+---------+-------+---------+---------+-------+---------
             D |       0 |      36 |   0.0 |       0 |       1 |   0.0 |    53
               +---------+---------+-------+---------+---------+-------+---------

Vault maps used:
D:        dungeon_sprint_1

Table legend:
 A = Turns spent in this place as a percentage of turns spent in the entire game.
 B = Non-inter-level travel turns spent in this place as a percentage of non-inter-level travel turns spent in the entire game.
 C = Inter-level travel turns spent in this place as a percentage of turns spent in this place.
 D = Turns resting spent in this place as a percentage of non-inter-level travel turns spent in this place.
 E = Turns spent auto-exploring this place as a percentage of non-inter-level travel turns spent in this place.
 F = Non-inter-level travel turns spent in this place divided by the number of levels of this place that you've seen.
                   A       B       C       D       E      F
               +-------+-------+-------+-------+-------+----------------------
         Total | 100.0 | 100.0 |   0.0 |  35.8 |   0.0 |  53.0
       Dungeon | 100.0 | 100.0 |   0.0 |  35.8 |   0.0 |  53.0
               +-------+-------+-------+-------+-------+----------------------

Table legend:
 A = Kills in this place as a percentage of kills in entire the game.
 B = Kills by you in this place as a percentage of kills by you in the entire game.
 C = Kills by friends in this place as a percentage of kills by friends in the entire game.
 D = Other kills in this place as a percentage of other kills in the entire game.
 E = Experience gained in this place as a percentage of experience gained in the entire game.
 F = Experience gained in this place divided by the number of levels of this place that you have seen.
                   A       B       C       D       E      F
               +-------+-------+-------+-------+-------+----------------------
         Total | 100.0 | 100.0 |   N/A |   N/A | 100.0 |  36.0
       Dungeon | 100.0 | 100.0 |   N/A |   N/A | 100.0 |  36.0
               +-------+-------+-------+-------+-------+----------------------
